 Dungeon Crawl Stone Soup version 0.22.1-1-ga44c0e56f4 (webtiles) character file.

89 Knicklaso the Chopper (level 4, -3/40 HPs)
             Began as a Hill Orc Monk on Sept 25, 2018.
             Was a Believer of Ashenzari.
             Slain by Terence
             ... wielding a +6 morningstar of draining
              (7 damage)
             ... on level 3 of the Dungeon.
             The game lasted 00:06:49 (2245 turns).

Knicklaso the Chopper (Hill Orc Monk)               Turns: 2245, Time: 00:06:49

Health: -3/40      AC:  6    Str: 14    XL:     4   Next: 55%
Magic:  4/4        EV: 11    Int: 10    God:    Ashenzari [**....]
Gold:   168        SH:  4    Dex: 13    Spells: 3/3 levels left

rFire    . . .     SeeInvis .   a - +0 hand axe
rCold    . . .     Gourm    .   e - +0 buckler
rNeg     . . .     Faith    .   b - +0 robe
rPois    .         Spirit   .   (no helmet)
rElec    .         Reflect  .   p - +1 cloak
rCorr    .         Harm     +   (no gloves)
MR       .....                  o - +1 pair of boots
Stlth    +.........             f - amulet of harm (curse)
HPRegen  0.13/turn              (no ring)
MPRegen  0.09/turn              (no ring)

@: drained
A: no striking features
a: Curse Item, Scrying, Renounce Religion


You were on level 3 of the Dungeon.
You worshipped Ashenzari.
Ashenzari was pleased with you.
You were not hungry.

You visited 1 branch of the dungeon, and saw 3 of its levels.

You collected 168 gold pieces.

Inventory:

Hand Weapons
 a - a +0 hand axe (weapon)
Missiles
 h - 75 stones (quivered)
Armour
 b - a +0 robe (worn)
 e - a +0 buckler (worn)
 o - a +1 pair of boots (worn)
 p - a +1 cloak (worn)
Jewellery
 f - a cursed amulet of harm (around neck)
Scrolls
 d - 7 scrolls of identify {unknown}
 g - a scroll of remove curse
 k - a scroll of noise {unknown}
 n - 2 scrolls of enchant armour {unknown}
 q - a scroll of blinking {unknown}
Potions
 i - a potion of haste {unknown}
 l - a potion of agility {unknown}
 m - a potion of brilliance {unknown}
Comestibles
 c - 4 rations


   Skills:
 - Level 4.0(3.0) Fighting
 + Level 5.5(4.5) Axes
 - Level 2.4(1.4) Dodging
 - Level 1.5(0.6) Stealth
 + Level 2.6(1.7) Shields


You had 3 spell levels left.
You didn't know any spells.
Your spell library was empty.

Dungeon Overview and Level Annotations

Branches:
Dungeon (3/15)

Altars:
Ashenzari

Annotations:
D:3 Terence


Message History

Found 33 gold pieces.
Found 18 stones.
d - 7 scrolls labeled COEQEO GACITT (gained 3)
You now have 153 gold pieces (gained 18).
You now have 168 gold pieces (gained 15).
h - 75 stones (gained 18)
You hear the slow rusting of a distant drain.
Terence the Incautious comes into view.
Ashenzari warns you: He is wielding a morningstar of draining.
Terence shouts!
Terence drinks a potion.
Terence flickers and vanishes!
Deactivating autopickup; reactivate with Ctrl-A.
A rat comes into view.
You hit something. Something hits you.
You feel drained.
You closely miss something. Something hits you!
You feel drained.
You closely miss something. You hit something but do no damage.
Something hits you!
* * * LOW HITPOINT WARNING * * *
You feel drained.
You die...

..#.# ##...## , *
*###.# ##.## *
#.# #.## * ## *
#.######..###....
* #............#
* #.#####.###....
#.## ,.#* * #..#*
, ##@# ,,, *, #{#
* * #.....r# ,
,........., *
.≈##.##### ##* ≈
*, * * ≈* , * ≈ ≈
* ≈ ≈ ≈ , *


You could see a rat.

Vanquished Creatures
  A hound (D:1)
  2 adders (D:2)
  2 dart slugs (D:2)
  A leopard gecko (D:1)
  A giant cockroach (D:1)
  5 goblins
  6 hobgoblins
  2 jackals (D:2)
  A quokka (D:2)
  4 bats
  3 frilled lizards
  7 kobolds
  2 rats (D:2)
37 creatures vanquished.

Notes
Turn   | Place    | Note
-------+----------+-------------------------------------------
     0 | D:1      | Knicklaso the Hill Orc Monk began the quest for the Orb.
     0 | D:1      | Reached XP level 1. HP: 19/19 MP: 1/1
   276 | D:1      | Found a shattered altar of Ashenzari.
   292 | D:1      | Reached XP level 2. HP: 10/27 MP: 2/2
   480 | D:1      | Became a worshipper of Ashenzari the Shackled
   480 | D:1      | Reached * piety under Ashenzari
   480 | D:1      | Reached ** piety under Ashenzari
   812 | D:1      | Reached skill level 1 in Shields
  1286 | D:1      | Reached skill level 5 in Axes
  1286 | D:1      | Reached XP level 3. HP: 21/33 MP: 3/3
  1605 | D:2      | Reached XP level 4. HP: 32/40 MP: 4/4
  2239 | D:3      | Noticed Terence
  2245 | D:3      | Slain by Terence

Skill      XL: |  1  2 |
---------------+-------+-----
Fighting       | 4 |  4.0
Shields        | 2 |  2.6
Axes           | 5 |  5.5
Dodging        | |  2.4
Stealth        | |  1.5

Action                   |  1- 3 |  4- 6 || total
-------------------------+-------+-------++-------
Melee: Hand axe          |    90 |    47 ||   137
Invok: Curse Item        |     1 |       ||     1
 Stab: Sleeping          |     1 |     3 ||     4
  Eat: Chunk             |     2 |     2 ||     4
Armor: Robe              |    14 |    10 ||    24
Dodge: Dodged            |    54 |    29 ||    83
Block: Buckler           |    14 |    11 ||    25
